[Event "Panevezys ELITE Open 2021"]
[Site "Panevezys, Lithuania"]
[Date "2021.08.02"]
[Round "5.1"]
[White "Kazakouski, Valery"]
[Black "Brazdzionis, Andrius"]
[Result "1/2-1/2"]
[WhiteElo "2499"]
[BlackElo "2321"]
[PlyCount "116"]
[EventDate "2021.??.??"]
[TimeControl "90/40+30:0"]
[WhiteClock "0:12:12"]
[BlackClock "0:52:34"]

1. Nf3 c5 2. c4 Nf6 3. b3 g6 4. Bb2 Bg7 5. g3 d6 6. Bg2 e5 7. O-O O-O 8.
d3 Nc6 9. Nc3 Ne8 10. a3 a5 11. Nd2 Nc7 12. e3 Be6 13. Nd5 Rb8 14. Nxc7 Qxc7 15. Ne4 b5 16. Nc3 Na7 17. Rb1 a4 18. Nd5 Bxd5 19. Bxd5 axb3 20. Qxb3 bxc4 21. Qxc4 Nc8 22. Bc3 Ne7 23.
Rxb8 Qxb8 24. Bg2 Qa7 25. a4 d5 26. Bxd5 Nxd5 27. Qxd5 Qxa4 28. Bxe5 Bxe5 29. Qxe5 Qb3 30. Qd6 c4 31. dxc4 Qxc4 32. Rd1 Qe2 33.
Kg2 Re8 34. Rd2 Qg4 35. Rd4 Qe6 36. Qxe6 Rxe6 37. g4 Re5 38. e4 h5 39. f4 Ra5 40. gxh5 Rxh5 41. Rd5 Rh6 42. e5 Rh5 43. Kg3 Kg7 44. Rd7 Kf8 45. h4 Kg8 46. Rd8+ Kg7 47. Kg4 Kh7 48. Rd5 Kg7 49. Rd7 Kf8 50. Rd8+ Kg7 51. Ra8 Kh7 52. Ra6 Kg7 53. Rb6 Rf5 54. Rc6 Rh5 55.
Rf6 Rh8 56. f5 Rh5 57. Kh3 gxf5 58. Kg3 f4+ 1/2-1/2

[Event "Panevezys ELITE Open 2021"]
[Site "Panevezys, Lithuania"]
[Date "2021.08.02"]
[Round "5.2"]
[White "Steponavicius, Stasys"]
[Black "Meshkovs, Nikita"]
[Result "0-1"]
[WhiteElo "2209"]
[BlackElo "2568"]
[PlyCount "68"]
[EventDate "2021.??.??"]
[TimeControl "90/40+30:0"]
[WhiteClock "0:09:23"]
[BlackClock "1:00:28"]

1. d4 d5 2. c4 e6 3. Nc3 Nf6 4. cxd5 exd5 5. Bg5 Be7 6. e3 c6 7. Bd3 Nbd7 8. Qc2 Nh5 9. Bxe7 Qxe7 10. Nge2 Nb6 11. O-O g6 12. Na4 Nxa4 13. Qxa4 O-O 14. b4 a6 15. Qb3 f5 16. a4 f4 17. exf4 Nxf4 18.
Nxf4 Rxf4 19. Rae1 Qf8 20. Re4 Rxe4 21. Bxe4 Qf4 22. Re1 Bg4 23. h3 Bd7 24. Bc2 Qxd4 25. Re7 Re8 26. Rxd7 Re1+ 27. Kh2 Qxf2 28. Rd8+ Kg7 29. Qc3+ Kh6 30. Qf3 Qg1+ 31. Kg3 Re3 32. Bd1 Rxf3+ 33. Bxf3 Qe1+ 34. Kh2 Qe7 0-1

[Event "Panevezys ELITE Open 2021"]
[Site "Panevezys, Lithuania"]
[Date "2021.08.02"]
[Round "5.3"]
[White "Kalvaitis, Sigitas"]
[Black "Sulskis, Sarunas"]
[Result "1/2-1/2"]
[WhiteElo "2164"]
[BlackElo "2523"]
[PlyCount "84"]
[EventDate "2021.??.??"]
[TimeControl "90/40+30:0"]
[WhiteClock "0:01:25"]
[BlackClock "0:05:01"]

1. e4 e5 2. Nf3 Nc6 3. Bc4 Nf6 4. d3 h6 5. Nc3 Bb4 6. O-O Bxc3 7. bxc3 O-O 8. h3 Na5 9. Nxe5 Nxc4 10. Nxc4 d5 11. exd5 Nxd5 12. Bd2 Qf6 13. d4 b6 14. Ne5 Bb7 15. Nd7 Qc6 16. Ne5 Qa4 17. c4 Nf6 18.
c3 Qxd1 19. Rfxd1 Rfe8 20. f3 a5 21. Kf2 Nh7 22. Bf4 Nf8 23.
Nd3 Rac8 24. Re1 Ne6 25. Bg3 Ba6 26. Nb2 Red8 27. d5 Nc5 28. Re7 Rd7 29. Rae1 Kf8 30. Rxd7 Nxd7 31. Ke3 Nc5 32. Kd4 a4 33. Nd3 Nxd3 34. Kxd3 Rd8 35. d6 cxd6 36. Kd4 Rc8 37. Bxd6+ Kg8 38. c5 bxc5+ 39. Kd5 Bb7+ 40. Kc4 Ba6+ 41. Kd5 Bb7+ 42. Kc4 Ba6+ 1/2-1/2

[Event "Panevezys ELITE Open 2021"]
[Site "Panevezys, Lithuania"]
[Date "2021.08.02"]
[Round "5.4"]
[White "Sedykh, Stakhey"]
[Black "Greicius, Pijus"]
[Result "1/2-1/2"]
[WhiteElo "1418"]
[BlackElo "1902"]
[PlyCount "58"]
[EventDate "2021.??.??"]
[TimeControl "90/40+30:0"]
[WhiteClock "0:27:01"]
[BlackClock "0:25:20"]

1. e4 e5 2. Nf3 Nc6 3. Bc4 Nf6 4. d3 Bc5 5. c3 a6 6. Bb3 d6 7. Nbd2 O-O 8.
O-O Ba7 9. Re1 Ng4 10. Re2 Kh8 11. h3 f5 12. exf5 Nh6 13. Ne4 Nxf5 14. Neg5 Qf6 15. Be3 Nxe3 16. fxe3 h6 17. Ne4 Qf4 18. Nd4 Qh4 19. Nf3 Qd8 20. Kh2 Bf5 21. Ng3 Bh7 22. d4 e4 23. Nd2 d5 24. c4 Qd6 25.
cxd5 Na5 26. Bc2 Rae8 27. b4 c6 28. bxa5 Bb8 29. Qe1 cxd5 1/2-1/2

[Event "Panevezys ELITE Open 2021"]
[Site "Panevezys, Lithuania"]
[Date "2021.08.02"]
[Round "5.5"]
[White "Bagvilas, Lukas"]
[Black "Salna, Aleksandras"]
[Result "1/2-1/2"]
[WhiteElo "2000"]
[BlackElo "2166"]
[PlyCount "21"]
[EventDate "2021.??.??"]
[TimeControl "90/40+30:0"]
[WhiteClock "1:34:34"]
[BlackClock "1:34:12"]

1. e4 e6 2. d4 d5 3. exd5 exd5 4. Bd3 Bd6 5. c3 c6 6. Qb3 Qb6 7. Nf3 Nf6 8.
O-O O-O 9. Be3 Be6 10. h3 h6 11. Nbd2 1/2-1/2

[Event "Panevezys ELITE Open 2021"]
[Site "Panevezys, Lithuania"]
[Date "2021.08.02"]
[Round "5.6"]
[White "Sedykh, Mikhail"]
[Black "Milovs, Daniels"]
[Result "1/2-1/2"]
[WhiteElo "2119"]
[BlackElo "1743"]
[PlyCount "94"]
[EventDate "2021.??.??"]
[TimeControl "90/40+30:0"]
[WhiteClock "0:13:14"]
[BlackClock "0:22:04"]

1. d4 Nf6 2. c4 g6 3. Nc3 Bg7 4. e4 d6 5. Nf3 O-O 6. Be2 e5 7. O-O Na6 8. Be3 Ng4 9. Bg5 Qe8 10. h3 h6 11. Bh4 Nf6 12. dxe5 dxe5 13. Nd5 Nxe4 14. Be7 c6 15. Bxf8 Qxf8 16. Ne3 Be6 17. Qc2 f5 18. Rad1 Qc5 19. a3 Ng3 20.
b4 Nxe2+ 21. Qxe2 Qe7 22. c5 Nc7 23. Nc4 e4 24. Nd4 Nd5 25.
Qc2 Bf7 26. Rfe1 Nf4 27. Re3 Qg5 28. Rg3 Qh5 29. f3 Qh4 30. Qf2 Nh5 31. Nxf5 Qf6 32. Nxg7 Nxg3 33. Qxg3 Kxg7 34. Rd7 Rd8 35. Rxd8 Qxd8 36. Nd6 exf3 37. Qxf3 Qe7 38. Qc3+ Kg8 39. Qd4 Bd5 40. Qf4 Kg7 41. Kf2 Kh7 42. Kg1 Kg7 43. Kh2 Kh7 44. Nc8 Qe2 45. Qg3 a6 46. Nb6 Qe7 47.
Qb8 Bxg2 1/2-1/2

[Event "Panevezys ELITE Open 2021"]
[Site "Panevezys, Lithuania"]
[Date "2021.08.02"]
[Round "5.8"]
[White "Michailov, Andrej"]
[Black "Juksta, Karolis"]
[Result "0-1"]
[WhiteElo "1645"]
[BlackElo "2438"]
[PlyCount "54"]
[EventDate "2021.??.??"]
[TimeControl "90/40+30:0"]
[WhiteClock "0:04:06"]
[BlackClock "0:35:05"]

1. c4 e5 2. Nc3 Bb4 3. Nd5 Bc5 4. b4 Bf8 5. Qb3 c6 6. Nc3 Nf6 7. e4 a5 8.
bxa5 Qxa5 9. Be2 Bc5 10. Nf3 d6 11. O-O O-O 12. d3 Nbd7 13. Bb2 Bb6 14. Qc2 Nc5 15. Nd2 Ne6 16. Nb3 Qa7 17. a4 Nd4 18. Nxd4 Bxd4 19. Nd1 Be6 20. Kh1 Nd7 21. Bxd4 Qxd4 22. Ne3 Nc5 23. Rfb1 f5 24. exf5 Bxf5 25. Nxf5 Rxf5 26. f3 Rff8 27. a5 Ra6 0-1

[Event "Panevezys ELITE Open 2021"]
[Site "Panevezys, Lithuania"]
[Date "2021.08.02"]
[Round "5.9"]
[White "Voroblievas, Arturas"]
[Black "Stremavicius, Pijus"]
[Result "0-1"]
[WhiteElo "1699"]
[BlackElo "2146"]
[PlyCount "58"]
[EventDate "2021.??.??"]
[TimeControl "90/40+30:0"]
[WhiteClock "0:10:10"]
[BlackClock "0:44:56"]

1. e4 d6 2. d4 Nf6 3. Nc3 g6 4. f4 Bg7 5. Nf3 c5 6. Bb5+ Bd7 7. e5 Ng4 8. e6 Bxb5 9. exf7+ Kf8 10. Nxb5 Qa5+ 11. Nc3 cxd4 12. Nxd4 Kxf7 13.
Ndb5 Bxc3+ 14. Nxc3 Nf6 15. O-O Nc6 16. f5 Ne5 17. Bg5 gxf5 18.
Bxf6 Kxf6 19. Qh5 Kg7 20. Qg5+ Ng6 21. Rae1 Rae8 22. Rxf5 Qb6+ 23. Kh1 Qxb2 24. Rf3 Rhf8 25. Rh3 Rf7 26. Qh6+ Kg8 27. Rg3 Qxc2 28. Ne4 Qxe4 29. Rxg6+ Qxg6 0-1

[Event "Panevezys ELITE Open 2021"]
[Site "Panevezys, Lithuania"]
[Date "2021.08.02"]
[Round "5.10"]
[White "Carlsson, Ludvig"]
[Black "Bazevicius, Albertas"]
[Result "1-0"]
[WhiteElo "2258"]
[BlackElo "1867"]
[PlyCount "57"]
[EventDate "2021.??.??"]
[TimeControl "90/40+30:0"]
[WhiteClock "0:56:02"]
[BlackClock "0:29:08"]

1. e4 e5 2. Nf3 Nc6 3. Bc4 Bc5 4. b4 Bxb4 5. c3 Be7 6. d4 exd4 7. Qb3 Kf8 8.
cxd4 Na5 9. Qc3 Nxc4 10. Qxc4 d6 11. O-O Bg4 12. Qb3 Bxf3 13. Qxf3 c6 14. Nc3 Bg5 15. Rb1 Bxc1 16. Rxb7 Ne7 17. Rxc1 Qe8 18. Qf4 Nc8 19. Rcb1 Qe6 20. Rc7 Ke8 21. Rbb7 Rf8 22. Rxc6 f5 23. Nb5 Rf7 24. Nc7+ Rxc7 25. Rcxc7 Qxa2 26. exf5 Qa1+ 27. Rc1 Qa3 28.
Rxc8+ Rxc8 29. Qe4+ 1-0